 Dungeon Crawl Stone Soup version 0.26.0-10-g1f06aea511 (webtiles) character file.

Game seed: 14672707159863899747

3087 inc the Jinx (level 9, 0/40 HPs)
             Began as a Felid Conjurer on Feb 2, 2021.
             Was an Elder of Vehumet.
             Slain by a slime creature (18 damage)
             ... on level 12 of the Dungeon.
             The game lasted 00:32:26 (17817 turns).

inc the Jinx (Felid Conjurer)                      Turns: 17817, Time: 00:32:27

Health: 0/40       AC:  2    Str:  5    XL:     9   Next: 59%
Magic:  4/13       EV: 22    Int: 24    God:    Vehumet [****..]
Gold:   854        SH:  0    Dex: 14    Spells: 1/12 levels left
                                        Lives:  0   Deaths: 2

rFire    . . .     SeeInvis +   (weapon unavailable)
rCold    . . .     Faith    .   (shield unavailable)
rNeg     . . .     Spirit   .   (armour unavailable)
rPois    .         Reflect  .   (helmet unavailable)
rElec    .         Harm     .   (cloak unavailable)
rCorr    .         Rampage  .   (gloves unavailable)
Will     +++..                  (boots unavailable)
Stlth    +++++.....             (no amulet)
HPRegen  0.13/turn              u - ring of stealth
MPRegen  0.13/turn              B - ring of willpower

@: quick
A: very small, no armour, no weapons or thrown items, stealth, claws 1, fangs 3,
see invisible, speed 1, strong-willed 1, shaggy fur 2, strong 1, sharp paws
a: Renounce Religion


You were on level 12 of the Dungeon.
You worshipped Vehumet.
Vehumet was greatly pleased with you.
You visited 2 branches of the dungeon, and saw 13 of its levels.
You also visited: Sewer.

You collected 854 gold pieces.

Inventory:

Jewellery
 q - an uncursed ring of fire
 u - a ring of stealth (left paw)
 A - a +6 ring of strength
 B - a ring of willpower (right paw)
 C - an uncursed ring of protection from fire
 J - an uncursed ring of magical power {unknown}
 K - an uncursed ring of resist corrosion {unknown}
Wands
 t - a wand of iceblast (5)
 v - a wand of disintegration (49)
 x - a wand of acid (7)
 E - a wand of random effects (18)
 M - a wand of enslavement (10)
 N - a wand of paralysis (7)
Scrolls
 a - 4 scrolls of fog {unknown}
 b - 9 scrolls of remove curse
 c - 2 scrolls of fear {unknown}
 d - 2 scrolls of magic mapping
 g - 3 scrolls of enchant armour
 l - 15 scrolls of identify
 m - 2 scrolls of noise {unknown}
 p - 4 scrolls of teleportation
 y - 2 scrolls of amnesia {unknown}
 z - 2 scrolls of random uselessness {unknown}
 I - a scroll of blinking {unknown}
 L - a scroll of enchant weapon {unknown}
Potions
 e - 2 potions of cancellation
 f - 2 potions of mutation
 h - 6 potions of brilliance
 i - 2 potions of berserk rage {unknown}
 j - 10 potions of curing
 k - 3 potions of might
 n - 2 potions of haste {unknown}
 o - 3 potions of heal wounds {unknown}
 r - 2 potions of attraction {unknown}
 s - 3 potions of flight {unknown}
 w - 3 potions of lignification
 D - a potion of invisibility {unknown}
 F - a potion of degeneration {unknown}
 G - 2 potions of magic {unknown}
Miscellaneous
 H - a condenser vane


   Skills:
 - Level 5.3 Fighting
 - Level 7.7 Dodging
 - Level 8.3 Stealth
 - Level 2.0 Spellcasting
 - Level 10.0 Conjurations
 - Level 12.8 Hexes
 + Level 1.1 Poison Magic


You had one spell level left.
You knew the following spells:

 Your Spells              Type           Power        Failure   Level
a - Magic Dart            Conj           100%         1%          1
b - Searing Ray           Conj           100%         1%          2
c - Fulminant Prism       Conj/Hex       27%          1%          4
d - Olgreb's Toxic Radia  Pois           7%           19%         4

Your spell library contained the following spells:

 Spells                   Type           Power        Failure   Level
 Beastly Appendage        Tmut           4%           12%         1
 Summon Small Mammal      Summ           8%           12%         1
 Dazzling Flash           Conj/Hex       100%         1%          3
 Summon Guardian Golem    Hex/Summ       33%          2%          3
 Iskenderun's Mystic Bla  Conj/Tloc      26%          4%          4
 Call Imp                 Summ           2%           19%         2
 Wereblood                Tmut           2%           19%         2
 Spider Form              Tmut/Pois      2%           28%         3
 Call Canine Familiar     Summ           2%           34%         3
 Ice Form                 Ice/Tmut       2%           75%         4
 Summon Ice Beast         Ice/Summ       2%           75%         4
 Summon Lightning Spire   Summ/Air       2%           75%         4
 Blade Hands              Tmut           1%           97%         5


Dungeon Overview and Level Annotations

Branches:
Dungeon (12/15)            Temple (1/1) D:4            Lair (0/6) D:11
  Sewer (visited)
    Orc: D:9-12

Altars:
Ashenzari
Cheibriados
Dithmenos
Elyvilon
Fedhas
Gozag
Hepliaklqana
Kikubaaqudgha
Makhleb
Nemelex Xobeh
Okawaru
Qazlal
Ru
Sif Muna
Trog
Uskayaw
Vehumet
Wu Jian
Xom
Yredelemnul
Zin
The Shining One

Shops:
D:6 }[[*   D:10 }

Annotations:
D:7 2 exclusions
D:12 Rupert


Innate Abilities, Weirdness & Mutations

You cannot wear armour.
You are incapable of wielding weapons or throwing items.
Your paws allow you to move quietly. (Stealth)
You have sharp claws.
You have razor-sharp teeth.
You have supernaturally acute eyesight. (SInv)
You cover ground quickly.
You are covered in thick fur. (AC +2)
Your sharp claws are effective at attacking unaware monsters.
You are strong-willed. (Will+)
Your muscles are strong. (Str +2)


Message History

The searing ray hits the slime creature!
The slime creature is severely wounded.
The searing ray hits the very large slime creature!
The very large slime creature is heavily wounded.
The slime creature hits you!
Unknown command.
Things that are here:
a +0 leather armour; an orc skeleton
Casting: Searing Ray (safe; 1% risk of failure)
Confirm with . or Enter, or press ? or * to list all spells.
Aiming: Searing Ray (safe; 1% risk of failure)
Press: ? - help, Shift-Dir - straight line, f - slime creature
Aim: a slime creature (severely wounded, 4% to evade)
The searing ray hits the slime creature!
The slime creature is severely wounded. (Press . to maintain the ray.)
The searing ray hits the slime creature!
The slime creature is almost dead.
The slime creature hits you!!
You die...

#########.......#..[..#
##........#..).J..<.#...
#..[.....##.#######$##.#
##.#........#...........
#.#.....#.##.#####.##.#
#J##.####...........#.[
#.#.....[..#.###...o##.
##.##.####....#...>... .
#..[..J@.#J...#.##.... .
#####.##.#.....[........
#.#....J.#####.. .
#.<........... .
###......####. #.######
#.# #.# #.#


You could see a slime creature.

Vanquished Creatures
  Erolcha (D:10)
  A centaur zombie (D:11)
  A harpy zombie (D:10)
  A troll (D:11)
  2 slime creatures (D:12)
  A wyvern (D:11)
  An acid dragon (D:11)
  8 orc warriors
  3 ice beasts
  3 phantoms
  5 sky beasts
  6 ogres
  3 centaurs
  4 big kobolds
  4 scorpions
  6 wights
  5 hounds
  15 orc wizards
  2 centaur skeletons
  4 jellies
  6 orc priests
  Crazy Yiuf (D:3)
  A bullfrog skeleton (D:5)
  Jessica (D:3)
  2 iguanas
  8 worker ants
  Ijyb (D:3)
  2 hound zombies
  A howler monkey zombie (D:8)
  A worker ant zombie (D:11)
  A howler monkey skeleton (D:4)
  6 river rats (Sewer)
  14 adders
  2 white imps
  2 ufetubi
  3 oozes
  An adder skeleton (D:5)
  An adder zombie (D:9)
  2 worms (D:2)
  A dart slug (D:3)
  6 leopard geckos
  52 orcs
  6 bats
  8 giant cockroaches
  7 goblins
  7 hobgoblins
  8 jackals
  37 kobolds
  8 quokkas
  5 ball pythons
  8 frilled lizards
  A leopard gecko zombie (D:8)
  A quokka skeleton (D:4)
  27 rats
314 creatures vanquished.

Vanquished Creatures (others)
  A bush (D:7)
  32 fulminant prisms
33 creatures vanquished.

Grand Total: 347 creatures vanquished

Notes
Turn   | Place    | Note
-------+----------+-------------------------------------------
     0 | D:1      | inc the Felid Conjurer began the quest for the Orb.
     0 | D:1      | Reached XP level 1. HP: 7/7 MP: 4/4
   561 | D:1      | Reached XP level 2. HP: 8/11 MP: 4/6
   593 | D:1      | Learned a level 2 spell: Searing Ray
  1637 | D:2      | Reached XP level 3. HP: 14/14 MP: 1/7
  1819 | D:2      | Found a hide-covered altar of Uskayaw.
  2130 | D:2      | Reached skill level 5 in Conjurations
  2311 | D:2      | Reached XP level 4. HP: 18/18 MP: 3/8
  2639 | D:3      | Noticed Ijyb
  2639 | D:3      | Noticed Jessica
  2654 | D:3      | Killed Ijyb
  2944 | D:3      | Found a burning altar of Makhleb.
  2947 | D:3      | Found an ancient bone altar of Kikubaaqudgha.
  2952 | D:3      | Found a basalt altar of Yredelemnul.
  3126 | D:3      | Killed Jessica
  3166 | D:3      | Reached XP level 5. HP: 21/21 MP: 6/9
  3181 | D:3      | Found a runed translucent door.
  3182 | D:3      | Noticed Crazy Yiuf
  3299 | D:3      | Found a glowing drain.
  3304 | D:3      | HP: 1/21 [goblin/stone (6)]
  3415 | Sewer    | Entered a sewer
  3797 | Sewer    | Learned a level 4 spell: Fulminant Prism
  3808 | Sewer    | Reached skill level 1 in Hexes
  3834 | Sewer    | Reached skill level 2 in Hexes
  4161 | Sewer    | Reached skill level 3 in Hexes
  4451 | Sewer    | Reached skill level 4 in Hexes
  4451 | Sewer    | Gained mutation: You are covered in thick fur. (AC +2)
                  | [Felid growth]
  4451 | Sewer    | Reached XP level 6. HP: 21/24 MP: 1/10
  4640 | Sewer    | Reached skill level 5 in Hexes
  5081 | D:3      | Found a stormy altar of Qazlal.
  5221 | D:3      | Killed Crazy Yiuf
  5493 | D:4      | Reached skill level 6 in Hexes
  5517 | D:4      | Reached XP level 7. HP: 27/27 MP: 0/11
  5636 | D:4      | Found a staircase to the Ecumenical Temple.
  5668 | Temple   | Entered the Ecumenical Temple
  5726 | Temple   | Became a worshipper of Vehumet
  5862 | D:4      | Reached skill level 7 in Hexes
  6077 | D:4      | Found a blossoming altar of Fedhas.
  6349 | D:4      | Found a shimmering blue altar of Sif Muna.
  6495 | D:5      | Entered Level 5 of the Dungeon
  6912 | D:5      | Reached * piety under Vehumet
  6912 | D:5      | Offered knowledge of Freeze by Vehumet.
  6913 | D:5      | Reached skill level 8 in Hexes
  7486 | D:6      | Found Olobo's General Store.
  7651 | D:6      | Reached XP level 8. HP: 31/31 MP: 0/12
  7766 | D:6      | Found Tasidir's Armour Shop.
  7935 | D:6      | Reached skill level 9 in Hexes
  8489 | D:6      | Found Ateqiuz's Antique Weapon Shop.
  8526 | D:6      | Found Nuheorae's Antique Armour Shoppe.
  8574 | D:6      | Found a glowing silver altar of Zin.
  8581 | D:6      | Found a white marble altar of Elyvilon.
  8722 | D:6      | Found Roudaqam's Gadget Boutique.
  9043 | D:7      | Reached skill level 10 in Hexes
 10041 | D:8      | Reached ** piety under Vehumet
 10065 | D:8      | Offered knowledge of Sandblast by Vehumet.
 10208 | D:7      | Reached skill level 11 in Hexes
 10208 | D:7      | Reached XP level 9. HP: 13/34 MP: 7/13
 12100 | D:8      | Found a hazy altar of Hepliaklqana.
 12101 | D:8      | Found a shadowy altar of Dithmenos.
 12276 | D:8      | Reached skill level 12 in Hexes
 12838 | D:9      | Offered knowledge of Ignite Poison by Vehumet.
 13420 | D:9      | Reached skill level 10 in Conjurations
 13494 | D:9      | Found the +27 Lear's hauberk
 13568 | D:9      | Reached skill level 1 in Fighting
 13576 | D:9      | Noticed a troll
 13592 | D:9      | Reached *** piety under Vehumet
 14108 | D:9      | Reached XP level 10. HP: 25/40 MP: 10/14
 14451 | D:10     | Entered Level 10 of the Dungeon
 14565 | D:10     | Offered knowledge of Static Discharge by Vehumet.
 14566 | D:10     | Reached skill level 5 in Dodging
 14737 | D:10     | HP: 1/42 [harpy zombie (4)]
 14739 | D:10     | Gained mutation: You are strong-willed. (Will+) [potion of
                  | mutation]
 14739 | D:10     | Gained mutation: Your magical capacity is low. (-10% MP)
                  | [potion of mutation]
 14739 | D:10     | Lost mutation: Your magical capacity is low. (-10% MP)
                  | [potion of mutation]
 14739 | D:10     | Gained mutation: Your muscles are strong. (Str +2) [potion
                  | of mutation]
 14739 | D:10     | Slain by a harpy zombie
 14740 | D:10     | Reached XP level 9. HP: -2/57 MP: 9/13
 14754 | D:10     | Noticed Erolcha
 14790 | D:10     | Killed Erolcha
 14938 | D:10     | Found Xikh's Gadget Boutique.
 15249 | D:10     | Reached **** piety under Vehumet
 15250 | D:10     | Reached skill level 5 in Fighting
 15419 | D:10     | Found Fotet's Magic Scroll Emporium.
 16107 | D:11     | Reached XP level 10. HP: 44/44 MP: 7/14
 16128 | D:11     | Noticed a boulder beetle
 16262 | D:11     | Offered knowledge of Olgreb's Toxic Radiance by Vehumet.
 16264 | D:11     | Found a staircase to the Lair.
 16375 | D:11     | Reached skill level 5 in Stealth
 16595 | D:11     | Slain by a boulder beetle
 16596 | D:11     | Reached XP level 9. HP: -1/40 MP: 3/13
 16678 | D:11     | Noticed a troll
 16685 | D:11     | Killed a troll
 17052 | D:12     | Noticed Rupert
 17389 | D:12     | Learned a level 4 spell: Olgreb's Toxic Radiance
 17583 | D:12     | Reached skill level 1 in Poison Magic
 17817 | D:12     | Slain by a slime creature

Illustrated notes

Levels and vault maps discovered:
D:1:      nicolae_arrival_somewhat_less_tricky_arrival, layout_basic,
          hangedman_decor_growths, chequers_serial_rivers_micro_c
D:2:      layout_rooms, nicolae_overflow_hidden_temple
D:3:      layout_rooms, grunt_temple_overflow_diamond, grunt_qazlal_sundering,
          portal_sewer_entry_d, uniq_ijyb, uniq_jessica, uniq_crazy_yiuf_cottage
D:4:      cheibrodos_old_hovel, layout_gridville, tgw_sif,
          minmay_temple_entry_slanted, fedhas_altar_1
D:5:      layout_cave_pools
D:6:      layout_basic, minitemple, serial_shops, shop, kennysheep_mini_moat,
          shop_statue, nicolae_shop_trees, shop
D:7:      kennysheep_steamy, layout_basic, kb_lookout_dungeons_type
D:8:      layout_gridville, riverfiend_overflow_shadow_ancestor
D:9:      layout_loops_corners, grunt_ministairs_15
D:10:     layout_basic, serial_shops, nicolae_shop_competitors_out_of_business,
          shop, serial_park_tiny_2, kennysheep_generic_room_8, uniq_erolcha
D:11:     layout_long_grid, lair_entry_dummy, serial_glass, glass_columns_a,
          glass_columns_b, glass_columns_c, glass_columns_c, glass_columns_b,
          glass_columns_a, glass_columns_a, glass_columns_a,
          hangedman_decor_lopped
D:12:     layout_basic, hiddenorc1_lemuel, serial_shops, shop,
          minmay_statue_bubble, uniq_josephine, uniq_rupert, uniq_maurice
Temple:   minmay_temple_bridge_abc

Skill      XL: |  1  2  3  4  5  6  7  8  9 10 |
---------------+-------------------------------+-----
Conjurations   | 4 5 6 7 8 10 | 10.0
Hexes          | 4 6 8 11 12 | 12.8
Dodging        | 7 5 |  7.7
Fighting       | 5 3 |  5.3
Stealth        | 8 6 |  8.3
Poison Magic   | 1 |  1.1
Spellcasting   | |  2.0

Action                   |  1- 3 |  4- 6 |  7- 9 | 10-12 || total
-------------------------+-------+-------+-------+-------++-------
Melee: Unarmed           |     3 |    31 |     1 |     1 ||    36
 Cast: Magic Dart        |    16 |    28 |    62 |       ||   106
       Searing Ray       |    33 |    49 |   144 |    15 ||   241
       Fulminant Prism   |       |       |    22 |    10 ||    32
  Use: Scroll            |       |     5 |       |     1 ||     6
       Potion            |       |     4 |       |     2 ||     6
Armor: Skin              |       |     3 |     4 |     6 ||    13
Dodge: Dodged            |    10 |    72 |   101 |    27 ||   210
